 Dungeon Crawl Stone Soup version 0.28-a0-1087-gf3fc490d9d (webtiles) character file.

Game seed: 11916250757647205844

25 fragbeetle the Grasshopper (level 2, 0/24 HPs)
             Began as a Palentonga Warper on Dec 11, 2021.
             Succumbed to a goblin's poison
             ... on level 2 of the Dungeon.
             The game lasted 00:02:19 (1429 turns).

fragbeetle the Grasshopper (Palentonga Warper)      Turns: 1429, Time: 00:02:20

Health: 0/24       AC:  4    Str: 14    XL:     2   Next: 86%
Magic:  5/5        EV:  9    Int: 13    God:
Gold:   38         SH:  0    Dex:  9    Spells: 3/5 levels left

rFire   . . .      SeeInvis +   e - +0 quarterstaff
rCold   . . .      Faith    .   (shield currently unavailable)
rNeg    + . .      Spirit   .   b - +0 leather armour
rPois   .          Reflect  .   (no helmet)
rElec   .          Harm     .   (no cloak)
rCorr   .          Rampage  .   (no gloves)
Will    .....                   (no barding)
Stlth   +.........              (no amulet)
HPRegen 0.08/turn               g - ring of positive energy
MPRegen 0.09/turn               (no ring)

@: lethally poisoned (0 -> -2)
A: large, rugged brown scales 3, see invisible, deformed body, roll 1, armoured
tail
a: Rolling Charge


You were on level 2 of the Dungeon.
You visited 1 branch of the dungeon, and saw 2 of its levels.

You collected 38 gold pieces.

Inventory:

Hand Weapons
 a - a +0 mace
 e - a +0 quarterstaff (weapon)
Missiles
 d - 5 boomerangs of dispersal (quivered)
 k - 11 poisoned darts
Armour
 b - a +0 leather armour (worn)
Jewellery
 g - a ring of positive energy (left hand)
 l - a ring of fire
Scrolls
 c - a scroll of blinking
 f - a scroll of amnesia {unknown}
 h - 2 scrolls of identify {unknown}
 i - a scroll of immolation {unknown}
 j - a scroll of enchant weapon {unknown}


   Skills:
 * Level 2.5 Fighting
 + Level 2.0(2.1) Maces & Flails
 + Level 0.3(1.3) Staves
 - Level 0.6 Throwing
 + Level 0.8 Armour
 + Level 1.8 Dodging
 + Level 2.1 Spellcasting
 * Level 3.3 Translocations


You had 3 spell levels left.
You knew the following spells:

 Your Spells              Type           Power      Damage    Failure   Level
a - Blink                 Tloc           20%        N/A       12%         2

Your spell library contained the following spells:

 Spells                   Type           Power      Damage    Failure   Level
 Gell's Gravitas          Tloc           10%        N/A       24%         3
 Lesser Beckoning         Tloc           10%        N/A       24%         3
 Teleport Other           Tloc           10%        N/A       24%         3
 Manifold Assault         Tloc           10%        N/A       91%         5


Dungeon Overview and Level Annotations

Branches:
Dungeon (2/15)

Altars:

Shops:
D:2 *


Innate Abilities, Weirdness & Mutations

You are completely covered in rugged brown scales. (AC +3, +7% HP)
You have supernaturally acute eyesight. (SInv)
Armour fits poorly on your strangely shaped body.
You can roll at nearby foes to attack.
You have a long armoured tail.


Message History

A kobold comes into view. It is wielding a +0 dagger.
The kobold shouts!
Your leather armour prevents you from hitting the goblin.
Your tail-slap misses the goblin.
The goblin barely misses you. The goblin hits you but does no damage.
You are poisoned.
You closely miss the goblin.
You feel very sick.
The goblin hits you with a +1 dagger of venom.
You are more poisoned.
You hit the goblin.
You kill the goblin!
You feel very sick. The kobold hits you with a +0 dagger.
The frilled lizard closely misses you.
You feel very sick. The frilled lizard closely misses you.
The kobold barely misses you.
Things that are here:
a +1 dagger of venom; a goblin corpse You closely miss the frilled lizard.
You feel very sick. The frilled lizard barely misses you.
The kobold completely misses you.
You sock the frilled lizard!
You kill the frilled lizard!
* * * LOW HITPOINT WARNING * * *
You feel sick. The kobold hits you with a +0 dagger.
* * * LOW HITPOINT WARNING * * *
You sock the kobold!
You kill the kobold!
* * * LOW HITPOINT WARNING * * *
You feel sick.
There is a lethal amount of poison in your body!
* * * LOW HITPOINT WARNING * * *
You feel sick.
You aren't carrying any potions.
Okay, then.
* * * LOW HITPOINT WARNING * * *
You feel sick.
* * * LOW HITPOINT WARNING * * *
You feel sick.
You die...

................
..................
..........#####...
...###....#####..
... #.......#.. ..
#####....#.#
..........#.#
............#
.<....#.#@∩.#
......#.....#
......#...#.#####
................#
.......)).......#
..#............#
#............#
#............#
#............#


There were no monsters in sight!

Vanquished Creatures
  A gnoll (D:1)
  A bat (D:1)
  An endoplasm (D:1)
  2 giant cockroaches (D:1)
  2 goblins
  3 quokkas (D:1)
  2 frilled lizards
  A kobold (D:2)
  3 rats (D:1)
16 creatures vanquished.

Notes
Turn   | Place    | Note
-------+----------+-------------------------------------------
     0 | D:1      | fragbeetle the Palentonga Warper began the quest for the
                  | Orb.
     0 | D:1      | Reached XP level 1. HP: 17/17 MP: 3/3
   146 | D:1      | Reached XP level 2. HP: 18/23 MP: 5/5
   150 | D:1      | Learned a level 2 spell: Blink
  1405 | D:2      | Found Osiol's Assorted Antiques.
  1428 | D:2      | HP: 1/24 [poisoned by a goblin]
  1429 | D:2      | Succumbed to a goblin's poison

Illustrated notes

Levels and vault maps discovered:
D:1:      lemuel_arrival_funnel, layout_loops_corners
D:2:      layout_basic, dreamdust_ecumenical_altar_drowned_temple, serial_shops,
          nicolae_shop_stone, hangedman_abyss_or_decor_lesser_grid,
          minmay_goblin_kobold_house

Action                   || total
-------------------------++-------
Melee: Quarterstaff      ||    46
       Tailslap          ||     1
Armor: Leather armour    ||    10
Dodge: Dodged            ||    24

Table legend: (Time is in decaauts)
 A = Elapsed time spent in this place.
 B = Non-inter-level travel time spent in this place.
 C = Inter-level travel time spent in this place.
 D = Time resting spent in this place.
 E = Time spent auto-exploring this place.
 F = Levels seen in this place.
 G = Mean time per level.
                   A        B        C        D        E       F      G
               +--------+--------+--------+--------+--------+-----+--------+
         Total |   1438 |   1391 |     47 |    392 |    821 |   2 |  719.0 |
       Dungeon |   1438 |   1391 |     47 |    392 |    821 |   2 |  719.0 |
               +--------+--------+--------+--------+--------+-----+--------+

Top non-repeatable levels by time:
     D:1: 1398 daAuts
     D:2: 39 daAuts
